 Dungeon Crawl Stone Soup version 0.31-a0-705-ga145531891 (webtiles) character file.

Game seed: 11984128899725752116

39 zazu2006 the Shield-Bearer (level 3, -2/25 HPs)
             Began as a Gnoll Wanderer on Sept 9, 2023.
             Slain by a worm (9 damage)
             ... on level 2 of the Dungeon.
             The game lasted 00:02:08 (1046 turns).

zazu2006 the Shield-Bearer (Gnoll Wanderer)         Turns: 1046, Time: 00:02:09

Health: -2/25      AC:  3    Str: 11    XL:     3   Next: 47%
Magic:  7/7        EV: 10    Int: 11    God:
Gold:   26         SH:  5    Dex: 13    Spells: 7/7 levels left

rFire   . . .        a - +2 short sword
rCold   . . .        c - +0 buckler
rNeg    . . .        e - +0 leather armour
rPois   .            (no helmet)
rElec   .            (no cloak)
rCorr   .            (no gloves)
SInv    .            (no boots)
Will    .....        (no amulet)
Stlth   +            (no ring)
HPRegen 0.24/turn    (no ring)
MPRegen 0.10/turn

%: no passive effects
@: no status effects
A: fangs 1, strong nose, distributed training
a: no special abilities


You were on level 2 of the Dungeon.
You visited 1 branch of the dungeon, and saw 2 of its levels.

You collected 26 gold pieces.

Inventory:

Hand Weapons
 a - a +2 short sword (weapon)
 b - a +0 spear
Armour
 c - a +0 buckler (worn)
 e - a +0 leather armour (worn)
Scrolls
 f - a scroll of teleportation {unknown}
 g - a scroll of enchant armour {unknown}
 j - 2 scrolls of identify {unknown}
 k - a scroll of revelation {unknown}
Potions
 d - a potion of heal wounds
 h - a potion of curing {unknown}
 i - a potion of haste {unknown}


   Skills:
 + Level 0.8 Fighting
 + Level 6.5 Short Blades
 + Level 0.8 Long Blades
 + Level 0.8 Axes
 + Level 0.8 Maces & Flails
 + Level 2.6 Polearms
 + Level 0.8 Staves
 + Level 0.8 Ranged Weapons
 + Level 0.8 Throwing
 + Level 0.8 Armour
 + Level 0.8 Dodging
 + Level 0.8 Stealth
 + Level 6.5 Shields
 + Level 0.8 Unarmed Combat
 + Level 2.8 Spellcasting
 + Level 0.5 Conjurations
 + Level 0.5 Hexes
 + Level 0.5 Summonings
 + Level 0.5 Necromancy
 + Level 0.5 Translocations
 + Level 0.5 Transmutations
 + Level 0.5 Fire Magic
 + Level 0.5 Ice Magic
 + Level 0.5 Air Magic
 + Level 0.5 Earth Magic
 + Level 0.5 Poison Magic
 + Level 2.6 Invocations
 + Level 2.6 Evocations
 + Level 0.7 Shapeshifting


You had 7 spell levels left.
You didn't know any spells.
Your spell library was empty.

Dungeon Overview and Level Annotations

Branches:
Dungeon (2/15)

Altars:


Innate Abilities, Weirdness & Mutations

You have very sharp teeth.
Your uncanny sense of smell can sniff out nearby items.
Your experience applies equally to all skills.


Message History

The worm is lightly wounded.
The kobold shouts!
The worm bites you!
You hit the worm.
The worm is lightly wounded.
You barely miss the worm.
The worm is lightly wounded.
You hit the worm. You bite the worm.
The worm is moderately wounded.
The worm bites you.
You see here a rat corpse.
You start resting.
A worm is nearby!
You see here an adder corpse.
There are monsters nearby!
The worm barely misses you.
You hit the worm.
The worm is lightly wounded.
You hit the worm.
The worm is moderately wounded.
The worm bites you.
You hit the worm but do no damage.
The worm is lightly wounded.
You barely miss the worm.
The worm is lightly wounded.
You hit the worm. You bite the worm.
The worm is severely wounded.
The worm bites you.
You hit the worm.
The worm is severely wounded.
You hit the worm.
The worm is almost dead.
The worm bites you.
* * * LOW HITPOINT WARNING * * *
You hit the worm but do no damage. You bite the worm.
The worm is almost dead.
You hit the worm.
The worm is almost dead.
The worm bites you!
You die...

#..#....##.#...'##
#.##...##..#.####
##.#...##..##<.#
#).#.###..###.##
#..#....†## #.#
#.....#### #.#
#.##### #####'#
#...#####.....#
###.Kw@.......#
#######.....#
#.....# ####### ∆


You could see a worm and a kobold.

Vanquished Creatures
  An adder (D:2)
  A dart slug (D:2)
  3 ball pythons (D:1)
  4 endoplasms
  A giant cockroach (D:1)
  2 hobgoblins
  4 jackals (D:1)
  2 quokkas (D:1)
  2 frilled lizards (D:1)
  3 goblins
  A kobold (D:1)
  3 rats
27 creatures vanquished.

Notes
Turn   | Place    | Note
-------+----------+-------------------------------------------
     0 | D:1      | zazu2006 the Gnoll Wanderer began the quest for the Orb.
     0 | D:1      | zazu2006 set off with the following items: a +2 short
                  | sword, a +0 spear, a +0 buckler, a potion of heal wounds, a
                  | +0 leather armour.
     0 | D:1      | Reached XP level 1. HP: 13/13 MP: 4/4
   166 | D:1      | Reached XP level 2. HP: 18/19 MP: 5/5
   702 | D:1      | Reached XP level 3. HP: 25/25 MP: 7/7
  1046 | D:2      | Slain by a worm

Illustrated notes

Levels and vault maps discovered:
D:1:      giann_forest_graveyard, layout_basic, minmay_misc_feat_rugged,
          nicolae_eternal_life, minmay_hedge_maze, grunt_decor_arrowhead
D:2:      minmay_evil_eye, layout_basic, serial_shops, nicolae_shop_mannequins,
          kennysheep_cluttered_room

Action                     || total
---------------------------++-------
  Melee: Short sword       ||    87
         Bite              ||    11
 Armour: Leather armour    ||    32
  Dodge: Dodged            ||    26
  Block: Buckler           ||    10

Table legend: (Time is in decaauts)
 A = Elapsed time spent in this place.
 B = Non-inter-level travel time spent in this place.
 C = Inter-level travel time spent in this place.
 D = Time resting spent in this place.
 E = Time spent auto-exploring this place.
 F = Levels seen in this place.
 G = Mean time per level.
                   A        B        C        D        E       F      G
               +--------+--------+--------+--------+--------+-----+--------+
         Total |   1021 |    999 |     22 |     15 |    742 |   2 |  510.5 |
       Dungeon |   1021 |    999 |     22 |     15 |    742 |   2 |  510.5 |
               +--------+--------+--------+--------+--------+-----+--------+

Top non-repeatable levels by time:
     D:1: 844 daAuts
     D:2: 177 daAuts
